 Dungeon Crawl Stone Soup version 0.21.0-24-g2553a33 (webtiles) character file.

179 Monsterracer the Slasher (level 5, 0/35 HPs)
             Began as a Halfling Gladiator on Jan 21, 2018.
             Killed by divine providence
             ... invoked by an orc priest
              (15 damage)
             ... on level 4 of the Dungeon.
             The game lasted 00:03:00 (2770 turns).

Monsterracer the Slasher (Halfling Gladiator)       Turns: 2770, Time: 00:03:01

Health: 0/35       AC:  9    Str: 16    XL:     5   Next: 90%
Magic:  5/5        EV: 15    Int:  6    God:
Gold:   154        SH:  0    Dex: 16    Spells: 4/4 levels left

rFire    + . .     SeeInvis .   a - +1 long sword
rCold    . . .     Gourm    .   (shield restricted)
rNeg     . . .     Faith    .   m - -1 ring mail (curse)
rPois    +         Spirit   .   f - +0 helmet
rElec    .         Reflect  .   v - +2 cloak {rPois}
rCorr    .         Harm     .   i - +0 pair of gloves
MR       .....                  (no boots)
Stlth    +.........             (no amulet)
HPRegen  0.11/turn              b - ring of protection from fire {!d}
MPRegen  0.09/turn              (no ring)

@: no status effects
A: small, mutation resistance 1
a: no special abilities


You were on level 4 of the Dungeon.
You were not hungry.

You visited 1 branch of the dungeon, and saw 4 of its levels.

You collected 154 gold pieces.

Inventory:

Hand Weapons
 a - a +1 long sword (weapon)
Missiles
 d - 3 throwing nets (quivered)
Armour
 f - a +0 helmet (worn)
 g - a +0 robe of fire resistance
 i - a +0 pair of gloves (worn)
 m - a cursed -1 ring mail (worn)
 s - a +0 chain mail
 v - a +2 cloak of poison resistance (worn)
Jewellery
 b - a ring of protection from fire (left hand) {!d}
Wands
 r - a wand of paralysis (8)
Scrolls
 j - 3 scrolls of teleportation
 l - 5 scrolls of remove curse
 o - a scroll of blinking {unknown}
 p - 2 scrolls of fear {!r}
 q - a scroll of identify
 w - a scroll of enchant weapon
Potions
 e - a potion of flight
 h - a potion of might {unknown}
 k - 3 potions of heal wounds
 n - a potion of haste {unknown}
 t - a potion of lignification {unknown}
 u - a potion of invisibility {unknown}
Comestibles
 c - 9 rations
 x - 4 chunks of flesh


   Skills:
 + Level 2.7 Fighting
 * Level 4.5 Long Blades
 - Level 2.0 Throwing
 + Level 2.0 Armour
 + Level 4.2 Dodging


You had 4 spell levels left.
You didn't know any spells.

Dungeon Overview and Level Annotations

Branches:
Dungeon (4/15)
 Temple: D:4-7

Altars:


Innate Abilities, Weirdness & Mutations

You are small and have problems with some larger weapons.
You are somewhat resistant to further mutation.


Message History

No target in view!
No target in view!
You see here a leather armour.
You see here 20 stones.
Key pressed, stopping explore.
No target in view!
You see here 13 arrows.
Key pressed, stopping explore.
No target in view!
Found a stone staircase leading up.
No target in view!
There is a stone staircase leading up here.
You see here a ring mail.
There is a stone staircase leading up here.
You see here a mace.
Found a runed door.
No target in view!
Partly explored, unopened runed door.
Partly explored, unopened runed door.
No target in view!
You open the door.
Crazy Yiuf the Enlightened comes into view.
He is wielding a quarterstaff of chaos.
Crazy Yiuf shouts!
Found a mace.
Evoke which item? (* to show all) (? for menu, Esc to quit)
Okay, then.
Evoke which item? (* to show all) (? for menu, Esc to quit)
Aiming: Paralyse
Press: ? - help, Shift-Dir - straight line, f - Crazy Yiuf
Aim: Crazy Yiuf, wielding a quarterstaff of chaos and wearing an embroidered cloak (chance to defeat MR: 54%) Crazy Yiuf resists with significant effort.
Evoke which item? (* to show all) (? for menu, Esc to quit)
Aiming: Paralyse
Press: ? - help, Shift-Dir - straight line, f/p - Crazy Yiuf
Aim: Crazy Yiuf, wielding a quarterstaff of chaos and wearing an embroidered cloak (chance to defeat MR: 54%) Crazy Yiuf suddenly stops moving!
There is an open door here.
The helpless Crazy Yiuf fails to defend himself.
You slash Crazy Yiuf!
Crazy Yiuf is heavily wounded.
The helpless Crazy Yiuf fails to defend himself.
You hit Crazy Yiuf but do no damage.
Crazy Yiuf is heavily wounded.
The helpless Crazy Yiuf fails to defend himself.
You hit Crazy Yiuf but do no damage.
Crazy Yiuf is heavily wounded.
The helpless Crazy Yiuf fails to defend himself.
You slash Crazy Yiuf!
Crazy Yiuf is almost dead.
The helpless Crazy Yiuf fails to defend himself.
You hit Crazy Yiuf but do no damage.
Crazy Yiuf is almost dead.
The helpless Crazy Yiuf fails to defend himself.
You hit Crazy Yiuf but do no damage.
Crazy Yiuf is almost dead.
The helpless Crazy Yiuf fails to defend himself.
You hit Crazy Yiuf.
You kill Crazy Yiuf!
Your Armour skill increases to level 2!
Things that are here:
a quarterstaff of chaos; an embroidered cloak; the gnoll corpse of Crazy Yiuf
v - an embroidered cloak Wear which item? (? for menu, Esc to quit)
You start putting on your armour.
You continue putting on your embroidered cloak. x4
You finish putting on your +2 cloak of poison resistance.
You feel resistant to poison.
You butcher the gnoll corpse of Crazy Yiuf.
x - 4 chunks of flesh
Things that are here:
a quarterstaff of chaos; the gnoll skeleton of Crazy Yiuf
There is an open door here.
You see here 13 arrows.
There is a stone staircase leading down here.
You climb downwards.
There is a stone staircase leading up here.
Found an escape hatch in the floor.
No target in view!
An orc and an orc priest come into view.
The orc priest shouts!
The orc shouts!
An orc priest comes into view. It is wielding a dagger.
An orc comes into view. It is wielding a flail.
The orc shouts!
The orc priest shouts!
Found a scroll labeled CYJUKHL CIJEK.
There are monsters nearby!
The orc priest begins to cast a cantrip, but forgets the words!
There are monsters nearby!
The orc priest barely misses you.
You riposte.
You hit the orc priest but do no damage.
The orc priest mumbles some strange prayers to Beogh against you.
Beogh smites you!
You take 7 damage, and have 28/35 hp.
The orc priest calls down the wrath of Beogh upon you.
Beogh smites you!
* * * LOW HITPOINT WARNING * * *
You take 15 damage, and have 13/35 hp.
MASSIVE DAMAGE!!
There is a stone staircase leading up here.
The orc priest mumbles some strange prayers to Beogh against you.
Beogh smites you!
You die...

#......# .#
###......######.#
........o..o.oo.###.
#####..######......
##.o# #..##.. ##...#
#.## #o.#.# #o#
####.##.## ...
#..@.##..# ....#
#.######.# #....# #
#.# ###### #.# #.#
#.# #.# #.#


You could see an orc priest and 2 orcs.

Vanquished Creatures
  An orc priest (D:3)
  Crazy Yiuf (D:3)
  Ijyb (D:3)
  4 adders
  2 dart slugs
  3 leopard geckos
  6 orcs (D:3)
  3 giant cockroaches
  3 goblins
  8 hobgoblins
  A quokka (D:2)
  3 bats
  2 frilled lizards
  4 kobolds
  9 rats
51 creatures vanquished.

Notes
Turn   | Place    | Note
-------+----------+-------------------------------------------
     0 | D:1      | Monsterracer the Halfling Gladiator began the quest for the Orb.
     0 | D:1      | Reached XP level 1. HP: 14/14 MP: 1/1
   262 | D:1      | Reached XP level 2. HP: 14/19 MP: 2/2
   780 | D:2      | Reached XP level 3. HP: 18/24 MP: 3/3
  1402 | D:3      | HP: 2/24 [orc priest/divine providence (14)]
  1743 | D:3      | Reached skill level 1 in Armour
  1743 | D:3      | Reached XP level 4. HP: 29/30 MP: 4/4
  1999 | D:3      | Noticed Ijyb
  2003 | D:3      | Paralysed by Ijyb for 6 turns
  2015 | D:3      | HP: 15/30 [Ijyb (2)]
  2017 | D:3      | Killed Ijyb
  2017 | D:3      | Reached XP level 5. HP: 16/35 MP: 5/5
  2246 | D:3      | HP: 17/35 [poisoned by an adder]
  2280 | D:3      | HP: 16/35 [leopard gecko (4)]
  2672 | D:3      | Found a runed door.
  2676 | D:3      | Noticed Crazy Yiuf
  2686 | D:3      | Killed Crazy Yiuf
  2758 | D:4      | HP: 13/35 [orc priest/divine providence (15)]
  2770 | D:4      | Killed from afar by an orc priest

Skill      XL: |  1  2  3  4  5 |
---------------+----------------+-----
Fighting       | 2 |  2.7
Long Blades    | 4 |  4.5
Armour         | 1 2 |  2.0
Dodging        | 4 |  4.2
Throwing       | |  2.0

Action                   |  1- 3 |  4- 6 || total
-------------------------+-------+-------++-------
Melee: Long sword        |    73 |    82 ||   155
Evoke: Wand              |       |     2 ||     2
  Use: Scroll            |     5 |       ||     5
 Stab: Paralysed         |       |     7 ||     7
  Eat: Chunk             |     2 |     4 ||     6
Armor: Leather armour    |     8 |       ||     8
       Ring mail         |    10 |    30 ||    40
Dodge: Dodged            |    58 |    76 ||   134
       Rpst.: Long sword |    21 |    21 ||    42

Vault maps used:
D:1:      denvon_arrival_planthouse, corexii_leaking_fountain,
          minmay_misc_feat_encased, serial_bayou_lake_a
D:3:      uniq_ijyb, uniq_crazy_yiuf_cottage
D:4:      minmay_diamond_boxcup
